AoeStats
← Seeker

Black Forest

509944728Analyzed
4v4 RM · 3d ago on Sep 28, 2026· 95m 52s· 8 players
Game mode
Random Map
Map size
Large (8 player)
Population
200
Speed
Normal
Resources
Standard
Victory
Conquest
Starting age
Dark Age
Ending age
Imperial Age
RankedLock teamsTeams togetherTeam positionsShared explorationLock speedFull tech treeHidden civsTurbo modeCheats
Victory
Defeat
🇷🇺 Gurjaras · Russia
838
+15
🇷🇺 Hindustanis · Russia
836
+15
🇷🇺 Spanish · Russia
836
+15
🇷🇺 Saracens · Russia
836
+15
🇹🇷 Vietnamese · Türkiye
871
-17
🇦🇹 Teutons · Austria
805
-15
🇧🇾 Lithuanians · Belarus
796
-14
🇨🇱 Persians · Chile
786
-14
IvanD
3:54 Loom
16:55 Feudal Age
17:01 Man-at-Arms
17:28 Arson
17:06 Man-at-Arms
18:48 Wheelbarrow
18:21 Double-Bit Axe
18:20 Horse Collar
20:36 Gold Mining
20:59 Town Watch
24:50 Castle Age
25:44 Stone Mining
26:07 Bow Saw
26:00 Heavy Plow
26:31 Hand Cart
26:18 Caravan
29:18 Gold Shaft Mining
29:19 Stone Shaft Mining
29:13 Treadmill Crane
32:54 Imperial Age
31:23 Town Patrol
34:02 Ballistics
34:43 Chemistry
34:05 Ballistics
34:28 Crop Rotation
34:58 Murder Holes
36:45 Conscription
36:33 Kshatriyas
37:20 Elite Chakram Thrower
38:47 Masonry
38:40 Devotion
42:23 Frontier Guards
42:40 Hoardings
42:44 Coinage
42:19 Heavy Camel Rider
43:01 Husbandry
43:21 Forging
43:12 Scale Mail Armor
43:02 Fletching
43:14 Padded Archer Armor
45:05 Chain Mail Armor
45:25 Iron Casting
44:13 Long Swordsman
45:41 Architecture
46:12 Banking
48:00 Bloodlines
48:25 Fortified Wall
48:06 Guard Tower
48:51 Plate Mail Armor
48:17 Bodkin Arrow
48:28 Scale Barding Armor
48:42 Leather Archer Armor
50:16 Onager
52:35 Fervor
52:51 Chain Barding Armor
52:31 Bracer
58:09 Elite Shrivamsha Rider
58:09 Light Cavalry
59:45 Plate Barding Armor
58:33 Two-Handed Swordsman
59:21 Elite Elephant Archer
59:22 Elite Skirmisher
59:23 Crossbowman
60:08 Thumb Ring
61:51 Hussar
62:58 Atonement
63:08 Redemption
63:24 Illumination
62:55 Herbal Medicine
63:36 Theocracy
63:21 Heresy
63:22 Sanctity
63:39 Keep
62:55 Heated Shot
63:25 Shipwright
63:16 Clinker Construction
63:16 Careening
62:48 Sappers
63:00 Heavy Scorpion
63:01 Siege Elephant
78:03 Carvel Hull
94:49 Spies/Treason
Shram
0:34 Loom
13:10 Feudal Age
14:32 Horse Collar
16:08 Wheelbarrow
16:11 Double-Bit Axe
16:29 Town Watch
18:10 Gold Mining
18:11 Stone Mining
25:01 Castle Age
26:17 Heavy Plow
26:43 Bow Saw
27:45 Hand Cart
30:12 Caravan
31:25 Bloodlines
31:15 Husbandry
35:08 Imperial Age
33:34 Thumb Ring
33:54 Town Patrol
34:38 Fletching
34:48 Padded Archer Armor
34:59 Forging
34:50 Scale Mail Armor
34:55 Scale Barding Armor
36:20 Ballistics
36:51 Gold Shaft Mining
36:52 Stone Shaft Mining
35:55 Heavy Camel Rider
36:36 Bodkin Arrow
36:56 Leather Archer Armor
38:22 Chemistry
37:28 Siege Engineers
38:31 Two-Man Saw
39:41 Iron Casting
39:22 Chain Mail Armor
39:27 Chain Barding Armor
39:08 Bracer
40:22 Grand Trunk Road
40:25 Shatagni
40:47 Conscription
41:19 Ring Archer Armor
44:15 Blast Furnace
43:52 Plate Barding Armor
44:52 Fortified Wall
44:53 Masonry
44:39 Murder Holes
44:40 Imperial Camel Rider
45:57 Devotion
46:23 Sanctity
46:14 Redemption
46:39 Theocracy
46:00 Herbal Medicine
46:30 Illumination
46:20 Block Printing
46:16 Fervor
54:54 Elite Ghulam
67:46 Squires
67:31 Arson
71:17 Onager
93:00 Coinage
92:57 Faith
92:51 Careening
92:52 Clinker Construction
92:33 Guard Tower
93:03 Light Cavalry
93:05 Siege Elephant
94:25 Hoardings
94:29 Banking
Seeker
0:35 Loom
14:55 Feudal Age
17:34 Double-Bit Axe
17:30 Horse Collar
18:33 Stone Mining
20:58 Fletching
21:16 Gold Mining
22:49 Forging
23:32 Wheelbarrow
26:17 Castle Age
31:28 Stone Shaft Mining
32:14 Hand Cart
32:03 Caravan
37:24 Imperial Age
35:17 Careening
35:22 Fortified Wall
35:12 Town Watch
36:09 Town Patrol
36:59 Bloodlines
36:49 Husbandry
36:11 Light Cavalry
38:55 Bow Saw
38:22 Cavalier
38:22 Hussar
40:08 Chemistry
39:28 Ballistics
39:10 Bodkin Arrow
39:15 Padded Archer Armor
39:56 Masonry
42:58 Two-Man Saw
42:39 Bracer
42:39 Padded Archer Armor
43:15 Iron Casting
42:41 Scale Mail Armor
42:46 Scale Barding Armor
42:53 Pikeman
43:19 Gambesons
43:34 Squires
43:19 Arson
42:56 Man-at-Arms
44:09 Architecture
43:30 Guard Tower
44:45 Conscription
46:46 Blast Furnace
46:01 Leather Archer Armor
45:52 Elite Conquistador
46:41 Heavy Plow
48:14 Halberdier
48:14 Long Swordsman
49:00 Two-Handed Swordsman
53:09 Chain Mail Armor
53:25 Ring Archer Armor
53:24 Elite Skirmisher
54:13 Champion
68:10 Plate Mail Armor
68:00 Chain Barding Armor
67:34 Heavy Mounted Crossbowman
91:32 Thumb Ring
90:51 Onager
92:11 Plate Barding Armor
91:04 Capped Ram
91:53 Inquisition
92:13 Supremacy
91:24 Sappers
92:30 Hoardings
92:33 Keep
91:55 Murder Holes
Guardian of Tirisfal
0:49 Loom
14:45 Feudal Age
15:36 Horse Collar
15:43 Double-Bit Axe
16:36 Man-at-Arms
25:14 Castle Age
23:39 Gold Mining
23:41 Stone Mining
26:17 Bow Saw
26:08 Heavy Plow
29:29 Wheelbarrow
32:12 Hand Cart
32:08 Scale Barding Armor
32:14 Forging
31:54 Fletching
32:05 Padded Archer Armor
32:05 Scale Mail Armor
32:41 Caravan
37:55 Imperial Age
36:34 Iron Casting
36:15 Chain Mail Armor
36:20 Chain Barding Armor
36:16 Leather Archer Armor
35:57 Bodkin Arrow
36:16 Fortified Wall
38:43 Masonry
38:30 Town Watch
39:48 Blast Furnace
39:18 Plate Mail Armor
38:38 Gambesons
38:54 Squires
38:39 Arson
39:59 Two-Man Saw
39:55 Elite Mameluke
41:11 Hoardings
41:52 Siege Engineers
42:50 Chemistry
41:27 Pikeman
42:59 Bloodlines
42:51 Husbandry
42:13 Light Cavalry
43:54 Plate Barding Armor
43:50 Ring Archer Armor
43:20 Bracer
43:24 Town Patrol
45:16 Ballistics
45:13 Bimaristan
46:40 Hussar
59:05 Onager
60:38 Counterweights
60:29 Siege Onager
71:46 Man-at-Arms
76:52 Heavy Camel Rider
kakao_
0:51 Loom
12:05 Feudal Age
13:07 Town Watch
14:25 Wheelbarrow
14:36 Double-Bit Axe
14:35 Horse Collar
24:59 Castle Age
23:11 Stone Mining
23:15 Gold Mining
25:14 Forging
24:57 Fletching
27:42 Hand Cart
29:04 Stone Shaft Mining
28:41 Caravan
29:44 Fervor
30:22 Heavy Plow
30:37 Bow Saw
32:10 Town Patrol
32:10 Scale Mail Armor
32:05 Bodkin Arrow
32:45 Iron Casting
36:38 Imperial Age
35:12 Ironclad
35:27 Coinage
35:51 Padded Archer Armor
37:43 Crenellations
37:40 Squires
37:26 Arson
37:01 Pikeman
38:11 Conscription
40:41 Chemistry
39:52 Fortified Wall
40:04 Ballistics
39:55 Masonry
41:17 Banking
41:00 Bloodlines
40:40 Halberdier
42:37 Bodkin Arrow
42:58 Chain Mail Armor
43:52 Guilds
46:10 Siege Engineers
47:29 Heavy Scorpion
49:48 Plate Mail Armor
51:11 Elite Skirmisher
52:40 Scale Barding Armor
53:13 Cavalier
53:39 Imperial Skirmisher
56:04 Hoardings
58:30 Iron Casting
58:11 Leather Archer Armor
59:18 Two-Man Saw
59:47 Elite Teutonic Knight
62:34 Ring Archer Armor
63:47 Gambesons
66:12 Blast Furnace
76:10 Crop Rotation
79:38 Heavy Mounted Crossbowman
82:26 Chain Barding Armor
85:05 Man-at-Arms
Get Rekt
2:48 Loom
4:23 Loom
12:59 Feudal Age
14:13 Horse Collar
14:20 Double-Bit Axe
18:46 Castle Age
17:33 Gold Mining
18:10 Stone Mining
19:58 Bow Saw
20:05 Heavy Plow
23:46 Stone Shaft Mining
24:40 Wheelbarrow
27:05 Elite Skirmisher
28:41 Caravan
29:39 Hand Cart
30:10 Fletching
30:20 Padded Archer Armor
34:41 Imperial Age
33:01 Murder Holes
33:35 Thumb Ring
33:22 Town Watch
33:34 Bodkin Arrow
33:54 Leather Archer Armor
35:07 Ballistics
36:06 Paper Money
35:11 Imperial Skirmisher
37:09 Chemistry
36:30 Leather Archer Armor
36:15 Bracer
36:54 Crop Rotation
37:18 Siege Engineers
37:28 Forging
37:23 Scale Barding Armor
37:19 Scale Mail Armor
40:11 Two-Man Saw
39:39 Chatras
39:56 Bloodlines
39:46 Husbandry
39:58 Elite Rattan Archer
42:45 Iron Casting
42:25 Chain Mail Armor
42:15 Scale Barding Armor
42:41 Ring Archer Armor
43:00 Town Patrol
47:51 Chain Barding Armor
48:01 Plate Mail Armor
49:37 Elite Battle Elephant
50:16 Pikeman
55:21 Plate Barding Armor
55:03 Masonry
57:55 Coinage
58:43 Elite Fire Lancer
young bulvės
5:08 Loom
14:05 Feudal Age
15:21 Horse Collar
15:31 Double-Bit Axe
15:35 Town Watch
16:25 Wheelbarrow
19:06 Gold Mining
25:24 Castle Age
23:42 Stone Mining
23:57 Scale Mail Armor
24:06 Scale Barding Armor
26:18 Heavy Plow
26:33 Bow Saw
26:27 Town Patrol
27:01 Husbandry
27:12 Bloodlines
28:14 Fortified Wall
30:41 Masonry
31:11 Pikeman
32:15 Hand Cart
34:52 Caravan
37:38 Imperial Age
36:01 Chain Mail Armor
35:58 Forging
38:16 Iron Casting
38:03 Chain Barding Armor
37:46 Padded Archer Armor
37:36 Fletching
39:04 Crop Rotation
39:41 Two-Man Saw
38:49 Hill Forts
39:10 Conscription
40:15 Architecture
39:31 Halberdier
41:11 Plate Barding Armor
43:56 Tower Shields
44:19 Cavalier
45:27 Murder Holes
45:56 Bodkin Arrow
46:17 Leather Archer Armor
47:18 Elite Leitis
49:48 Chemistry
56:39 Elite Skirmisher
57:27 Thumb Ring
59:37 Paladin
78:13 Imperial Skirmisher
N A O H C
3:08 Loom
16:07 Feudal Age
23:45 Fletching
27:06 Castle Age
33:28 Double-Bit Axe
33:26 Horse Collar
38:52 Imperial Age
37:50 Stone Mining
37:50 Gold Mining
40:12 Wheelbarrow
39:22 Town Watch
42:24 Caravan
41:47 Cavalier
42:28 Husbandry
42:38 Bloodlines
45:11 Stone Shaft Mining
45:14 Gold Shaft Mining
44:54 Bow Saw
44:50 Heavy Plow
45:31 Hand Cart
45:01 Town Watch
46:04 Scale Barding Armor
46:01 Scale Mail Armor
46:47 Town Patrol
47:11 Chain Barding Armor
47:02 Forging
48:22 Two-Man Saw
49:42 Ballistics
49:19 Murder Holes
50:28 Chemistry
50:06 Plate Barding Armor
49:47 Chain Mail Armor
50:07 Iron Casting
49:35 Elite War Elephant
49:48 Sappers
50:48 Conscription
50:16 Pikeman
50:57 Squires
50:52 Savar
50:56 Light Cavalry
52:47 Crop Rotation
53:52 Arson
53:29 Halberdier
55:46 Plate Mail Armor
56:17 Blast Furnace
55:47 Murder Holes
56:14 Ballistics
56:06 Masonry
58:02 Bodkin Arrow
58:08 Padded Archer Armor
58:54 Hoardings
58:40 Citadels
61:37 Heated Shot
62:17 Architecture
61:52 Elite Skirmisher
61:53 Heavy Cavalry Archer
62:58 Parthian Tactics
61:54 Crossbowman
62:39 Thumb Ring
65:20 Guard Tower
67:28 Leather Archer Armor
74:29 Coinage
74:10 Guilds
76:35 Heavy Camel Rider
Connection lost

Rejoining the realm…

Still unreachable

The connection could not be restored.

Session expired

The server has moved on; the page needs a fresh start.